AoeStats
← InF1caTe

Arabia

510151238Analyzed
1v1 RM · 21h ago on Sep 29, 2026· 39m 53s· 2 players
Game mode
Random Map
Map size
Tiny (2 player)
Population
200
Speed
Normal
Resources
Standard
Victory
Conquest
Starting age
Dark Age
Ending age
Imperial Age
RankedLock teamsTeams togetherTeam positionsShared explorationLock speedFull tech treeHidden civsTurbo modeCheats
Victory
Defeat
🇨🇱 Maya · Chile
1006
+16
🇸🇰 Wei · Slovakia
999
-16
InF1caTe
3:34 Loom
11:08 Feudal Age
12:29 Double-Bit Axe
12:26 Horse Collar
15:24 Gold Mining
22:11 Castle Age
23:49 Bow Saw
28:52 Wheelbarrow
28:56 Elite Skirmisher
30:12 Padded Archer Armor
Boss's Order
0:28 Loom
9:53 Feudal Age
10:23 Double-Bit Axe
16:24 Wheelbarrow
17:22 Fletching
17:34 Padded Archer Armor
17:39 Horse Collar
21:57 Castle Age
20:58 Scale Mail Armor
21:26 Gold Mining
22:32 Forging
22:10 Arson
22:17 Crossbowman
23:11 Pikeman
26:13 Squires
26:29 Eagle Warrior
30:02 Bow Saw
30:59 Sanctity
30:55 Fervor
31:15 Chain Mail Armor
31:24 Hand Cart
36:27 Iron Casting
Connection lost

Rejoining the realm…

Still unreachable

The connection could not be restored.

Session expired

The server has moved on; the page needs a fresh start.